 Dungeon Crawl Stone Soup version 0.23.2-33-g5129a83184 (webtiles) character file.

Game seed: 16832878476242729030

37 Folque the Charmwright (level 3, 0/29 HPs)
             Began as a Centaur Skald on July 7, 2019.
             Slain by a goblin
             ... wielding a +0 club
             ... led by Robin
              (3 damage)
             ... on level 2 of the Dungeon.
             The game lasted 00:03:11 (974 turns).

Folque the Charmwright (Centaur Skald)               Turns: 974, Time: 00:03:13

Health: 0/29       AC:  4    Str: 13    XL:     3   Next: 23%
Magic:  3/5        EV:  9    Int: 13    God:
Gold:   23         SH:  0    Dex:  8    Spells: 0/5 levels left

rFire    . . .     SeeInvis .   a - +0 spear
rCold    . . .     Gourm    .   (no shield)
rNeg     . . .     Faith    .   b - +0 leather armour
rPois    .         Spirit   .   (no helmet)
rElec    .         Reflect  .   (no cloak)
rCorr    .         Harm     .   (no gloves)
MR       .....                  (no barding)
Stlth    ..........             (no amulet)
HPRegen  0.09/turn              (no ring)
MPRegen  0.09/turn              (no ring)

@: very quick
A: large, hooves 3, deformed body, speed 2, tough skin 3
a: no special abilities


You were on level 2 of the Dungeon.
You were not hungry.

You visited 1 branch of the dungeon, and saw 2 of its levels.

You collected 23 gold pieces.

Inventory:

Hand Weapons
 a - a +0 spear (weapon)
Armour
 b - a +0 leather armour (worn)
Scrolls
 f - a scroll of blinking {unknown}
 g - a scroll of teleportation {unknown}
Comestibles
 c - a chunk of flesh
 d - 2 rations


   Skills:
 - Level 2.0 Fighting
 * Level 2.3 Polearms
 - Level 0.6 Armour
 - Level 1.5 Dodging
 + Level 1.9 Spellcasting
 * Level 3.2 Charms


You couldn't memorise any spells.
You knew the following spells:

 Your Spells              Type           Power        Failure   Level  Hunger
a - Infusion              Chrm           #...         9%          1    ##.....
b - Shroud of Golubria    Chrm/Tloc      #.........   26%         2    ###....
c - Song of Slaying       Chrm           #.......     13%         2    ###....

Your spell library contained the following spells:

 Spells                   Type           Power        Failure   Level  Hunger
 Regeneration             Chrm/Necr      #.........   45%         3    ####...
 Spectral Weapon          Hex/Chrm       #.......     45%         3    ####...


Dungeon Overview and Level Annotations

Branches:
Dungeon (2/15)

Altars:

Annotations:
D:2 Robin


Innate Abilities, Weirdness & Mutations

You have hooves in place of feet.
Armour fits poorly on your strangely shaped body.
You cover ground very quickly.
You have extremely tough skin. (AC +3)


Message History

You hit the goblin.
You kill the goblin!
Robin throws the goblin at you! The goblin hits you.
You hit the goblin.
You kill the goblin!
Robin throws the goblin at you! The goblin hits you with a +0 club.
* * * LOW HITPOINT WARNING * * *
The goblin hits you but does no damage.
You barely miss the goblin. The goblin hits you with a +0 club.
* * * LOW HITPOINT WARNING * * *
The goblin hits you.
* * * LOW HITPOINT WARNING * * *
It was a potion of cancellation.
Your magical effects are unravelling.
You feel magically purged.
Your song has ended.
Robin roars a battlecry!
The goblin goes into a battle-frenzy!
The goblin hits you with a +0 club.
You die...

###############
..............#
#############<# # #.# #
#.# # ####.##########
##########.....g@g......
...........##g########..
#########..##.# #
......##g###### #
###...g........ #
#..)#........ #
#...####.#... # #...# .#
## #...# #


You could see Robin and 2 goblins.

Vanquished Creatures
  A leopard gecko (D:1)
  A giant cockroach (D:1)
  7 goblins
  3 hobgoblins
  7 jackals (D:1)
  2 ball pythons (D:1)
  2 bats (D:1)
  A frilled lizard (D:1)
  4 kobolds (D:1)
  4 rats (D:1)
32 creatures vanquished.

Notes
Turn   | Place    | Note
-------+----------+-------------------------------------------
     0 | D:1      | Folque the Centaur Skald began the quest for the Orb.
     0 | D:1      | Reached XP level 1. HP: 17/17 MP: 3/3
   326 | D:1      | Reached XP level 2. HP: 20/24 MP: 4/4
   365 | D:1      | Reached skill level 3 in Charms
   497 | D:1      | Learned a level 2 spell: Shroud of Golubria
   628 | D:1      | Reached XP level 3. HP: 21/29 MP: 2/5
   632 | D:1      | Learned a level 2 spell: Song of Slaying
   947 | D:2      | Noticed Robin
   974 | D:2      | Slain by a goblin

Skill      XL: |  1  2 |
---------------+-------+-----
Polearms       | 2 |  2.3
Charms         | 3 |  3.2
Fighting       | |  2.0
Armour         | |  0.6
Dodging        | |  1.5
Spellcasting   | |  1.9

Action                   || total
-------------------------++-------
Melee: Spear             ||   113
       Kick              ||    17
 Cast: Infusion          ||     4
       Shroud of Golubri ||     1
       Song of Slaying   ||     1
  Use: Potion            ||     1
Armor: Leather armour    ||    33
Dodge: Dodged            ||    51
